 Dungeon Crawl Stone Soup version 0.28.0-43-g3370ac3207 (webtiles) character file.

Game seed: 13692292312614867137

2043 nickcage the Carver (level 9, -8/70 HPs)
             Began as a Minotaur Fighter on Mar 28, 2022.
             Was a Follower of Qazlal.
             Mangled by an orc warrior
             ... wielding a +1 flail of protection
              (13 damage)
             ... on level 6 of the Dungeon.
             The game lasted 00:13:26 (8089 turns).

nickcage the Carver (Minotaur Fighter)              Turns: 8089, Time: 00:13:26

Health: -8/70      AC: 12    Str: 20    XL:     9   Next: 4%
Magic:  8/8        EV:  9    Int:  5    God:    Qazlal [*.....]
Gold:   252        SH:  7    Dex: 15    Spells: 8/8 levels left

rFire   . . .      SeeInvis .   a - +0 long sword
rCold   . . .      Faith    .   c - +0 buckler
rNeg    . . .      Spirit   .   r - +4 scale mail
rPois   .          Reflect  .   (helmet restricted)
rElec   .          Harm     .   q - +0 cloak
rCorr   .          Rampage  .   (no gloves)
Will    .....                   (no boots)
Stlth   ..........              f - amulet of the acrobat
HPRegen 0.21/turn               (no ring)
MPRegen 0.11/turn               (no ring)

@: marked
A: horns 2, retaliatory headbutt
a: Renounce Religion


You were on level 6 of the Dungeon.
You worshipped Qazlal.
Qazlal was aware of your devotion.
You visited 1 branch of the dungeon, and saw 7 of its levels.
You also visited: Sewer.

You collected 252 gold pieces.

Inventory:

Hand Weapons
 a - a +0 long sword (weapon)
Missiles
 w - a throwing net
 C - 8 boomerangs (quivered)
Armour
 b - a +0 scale mail
 c - a +0 buckler (worn)
 q - a +0 cloak (worn)
 r - a +4 scale mail (worn)
Jewellery
 f - an amulet of the acrobat (around neck)
Wands
 v - a wand of flame (34)
 y - a wand of iceblast (17)
Scrolls
 e - a scroll of blinking {unknown}
 g - a scroll of magic mapping
 h - 8 scrolls of identify {unknown}
 n - a scroll of silence {unknown}
 o - a scroll of amnesia {unknown}
 s - a scroll of noise {unknown}
 t - 2 scrolls of fear {unknown}
 u - 3 scrolls of enchant weapon {unknown}
 z - 2 scrolls of enchant armour {unknown}
 A - 3 scrolls of teleportation {unknown}
 E - 2 scrolls of fog {unknown}
Potions
 d - a potion of might
 i - 2 potions of invisibility {unknown}
 j - 7 potions of flight
 k - a potion of haste {unknown}
 l - 3 potions of lignification {unknown}
 m - a potion of heal wounds {unknown}
 p - 3 potions of curing
 x - 3 potions of cancellation {unknown}
 B - a potion of mutation {unknown}
 D - a potion of ambrosia {unknown}


   Skills:
 - Level 3.6 Fighting
 + Level 14.1 Long Blades
 - Level 3.6 Armour
 - Level 3.6 Shields


You had 8 spell levels left.
You didn't know any spells.
Your spell library was empty.

Dungeon Overview and Level Annotations

Branches:
Dungeon (7/15)             Temple (0/1) D:5           Sewer (visited)

Altars:
Elyvilon
Qazlal
Vehumet
Xom
Beogh

Annotations:
D:3 3 runed translucent doors, reversiblehash's ghost, amateur GnFi
D:7 Harold


Innate Abilities, Weirdness & Mutations

You have a pair of horns on your head.
You reflexively headbutt those who attack you in melee.


Message History

The orc hits you but does no damage. You block the orc's attack.
You completely miss the orc.
The orc is severely wounded.
The orc warrior hits you with a +1 flail of protection!
* * * LOW HITPOINT WARNING * * *
The orc pulls the alarm!
The alarm trap emits a blaring wail!
A sentinel's mark forms upon you.
Something shouts, "Scamper home, thou unmuzzled clapper-clawed tiler!"
You hear a shout! x6; You hear a bark!
You hear a shout!
Harold the Weathered comes into view.
He is wielding a +0 halberd.
Harold fires a harpoon shot at you. The harpoon shot misses you.
There is a stone staircase leading up here.
The orc warrior hits you with a +1 flail of protection.
* * * LOW HITPOINT WARNING * * *
You block the orc's attack.
You climb upwards.
There is a stone staircase leading down here.
You hit the orc warrior but do no damage.
The orc warrior is heavily wounded.
The orc warrior barely misses you.
You hit the orc warrior.
The orc warrior is severely wounded.
You block the orc warrior's attack.
You hit the orc warrior but do no damage.
The orc warrior is severely wounded.
You hit the orc warrior but do no damage.
You headbutt the orc warrior, but do no damage.
The orc warrior is severely wounded.
The orc warrior hits you with a +1 flail of protection!
* * * LOW HITPOINT WARNING * * *
You hit the orc warrior but do no damage.
You headbutt the orc warrior.
The orc warrior is severely wounded.
You block the orc warrior's attack.
You barely miss the orc warrior. Your headbutt misses the orc warrior.
The orc warrior is severely wounded.
The orc warrior hits you with a +1 flail of protection!
You die...

### ## ### #.##### .## #@#
##....# #.## #####o######...#
##.## ###....o.....#...# ##.##
###................###
##.###....................#####
##.#..........................
##.........>.................
#........(...................
##
#............................


You could see an orc warrior and an orc.

Vanquished Creatures
  Grinder (D:4)
  Sigmund (D:3)
  Eustachio (D:6)
  Edmund (D:5)
  Duvessa (D:6)
  A sky beast (D:6)
  2 black bears (D:6)
  A gnoll sergeant (D:4)
  2 scorpions
  Dowan (D:6)
  A water moccasin skeleton (D:6)
  An orc priest (D:5)
  2 hounds
  A centaur zombie (D:6)
  Crazy Yiuf (D:3)
  3 iguanas
  Ijyb (D:5)
  Natasha (thrice) (D:3)
  Terence (D:2)
  2 orc wizards
  12 adders
  6 gnolls (D:4)
  4 river rats
  An adder zombie (D:5)
  3 worms (Sewer)
  14 dart slugs
  14 orcs
  6 endoplasms
  3 giant cockroaches
  9 goblins
  7 hobgoblins
  A jackal (Sewer)
  7 quokkas
  21 ball pythons
  7 bats
  7 frilled lizards
  3 kobolds (D:4)
  7 rats
160 creatures vanquished.

Notes
Turn   | Place    | Note
-------+----------+-------------------------------------------
     0 | D:1      | nickcage the Minotaur Fighter began the quest for the Orb.
     0 | D:1      | Reached XP level 1. HP: 19/19 MP: 0/0
    63 | D:1      | Reached skill level 3 in Long Blades
   122 | D:1      | Reached XP level 2. HP: 25/26 MP: 1/1
   423 | D:1      | Found a faded altar of an unknown god.
   436 | D:1      | Reached skill level 4 in Long Blades
   597 | D:1      | Reached XP level 3. HP: 31/31 MP: 2/2
  1180 | D:2      | Found a shimmering altar of Xom.
  1199 | D:2      | Noticed Terence
  1203 | D:2      | Killed Terence
  1204 | D:2      | Reached skill level 5 in Long Blades
  1364 | D:2      | Reached XP level 4. HP: 39/39 MP: 3/3
  1830 | D:3      | Noticed Sigmund
  1851 | D:3      | Killed Sigmund
  1852 | D:3      | Reached skill level 7 in Long Blades
  1852 | D:3      | Reached XP level 5. HP: 22/45 MP: 4/4
  1855 | D:3      | Reached XP level 6. HP: 18/51 MP: 5/5
  2509 | D:3      | Noticed Natasha
  2517 | D:3      | Killed Natasha
  2527 | D:3      | Noticed Natasha
  2533 | D:3      | Killed Natasha
  2534 | D:3      | Reached skill level 8 in Long Blades
  2734 | D:3      | Found a runed translucent door.
  2735 | D:3      | Noticed Crazy Yiuf
  2743 | D:3      | Killed Crazy Yiuf
  2903 | D:3      | Found a runed translucent gate.
  2903 | D:3      | Noticed reversiblehash's ghost (amateur GnFi)
  2938 | D:3      | Identified the +9 whip "nickcage's Foe" {vorpal, Int+4
                  | Dex-5 SInv Stlth+}
  2938 | D:3      | Identified the +6 chain mail of Jaxubb {rElec rC++ Stlth+}
  2939 | D:3      | Found a runed translucent gate.
  2940 | D:3      | Found a runed translucent gate.
  3114 | D:3      | Noticed Natasha
  3126 | D:3      | Killed Natasha
  3366 | D:4      | Reached skill level 9 in Long Blades
  3373 | D:4      | Reached XP level 7. HP: 12/57 MP: 6/6
  3745 | D:4      | Noticed Grinder
  3765 | D:4      | Paralysed by Grinder for 7 turns
  3794 | D:4      | Paralysed by Grinder for 7 turns
  4085 | D:4      | Paralysed by Grinder for 4 turns
  4094 | D:4      | Paralysed by Grinder for 3 turns
  4102 | D:4      | Killed Grinder
  4103 | D:4      | Reached skill level 10 in Long Blades
  4548 | D:4      | Found a radiant altar of Vehumet.
  4899 | D:5      | Entered Level 5 of the Dungeon
  4959 | D:5      | Found a stormy altar of Qazlal.
  4983 | D:5      | Became a worshipper of Qazlal Stormbringer
  5076 | D:5      | Noticed Edmund
  5096 | D:5      | Killed Edmund
  5097 | D:5      | Reached skill level 11 in Long Blades
  5097 | D:5      | Reached XP level 8. HP: 63/64 MP: 7/7
  5262 | D:5      | Noticed Ijyb
  5268 | D:5      | Killed Ijyb
  5338 | D:5      | Found a white marble altar of Elyvilon.
  5418 | D:5      | Found a staircase to the Ecumenical Temple.
  5928 | D:6      | Noticed Duvessa
  5928 | D:6      | Noticed Dowan
  5934 | D:6      | Killed Duvessa
  5935 | D:6      | Reached skill level 12 in Long Blades
  5937 | D:6      | Killed Dowan
  5988 | D:6      | Noticed Eustachio
  6002 | D:6      | Killed Eustachio
  6003 | D:6      | Reached skill level 13 in Long Blades
  6125 | D:6      | Reached * piety under Qazlal
  6131 | D:6      | Found a glowing drain.
  6135 | Sewer    | Entered a sewer
  7531 | D:6      | Reached skill level 14 in Long Blades
  7531 | D:6      | Reached XP level 9. HP: 66/70 MP: 8/8
  8074 | D:7      | Noticed Harold
  8089 | D:6      | Mangled by an orc warrior

Illustrated notes

Levels and vault maps discovered:
D:1:      dpeg_arrival_morbid_curiosity, layout_basic,
          nicolae_ecumenical_snake_handling, chequers_serial_rivers_micro_b
D:2:      layout_loops_ring, basic_altar, uniq_terence
D:3:      layout_loops_corners, biasface_ghost_orc_armoury,
          nicolae_underground_beach, uniq_natasha, uniq_sigmund,
          uniq_crazy_yiuf_cottage
D:4:      layout_loops_ring, vehumet_altar_wand_db, uniq_grinder
D:5:      kennysheep_slugbush, layout_basic, grunt_qazlal_sundering,
          mainiacjoe_overflow_alcove_2, minmay_temple_entry_antechambers,
          uniq_ijyb, uniq_edmund
D:6:      layout_layer_cave, gup_sewer_entry_spiral, uniq_duvessa,
          uniq_eustachio
D:7:      layout_cave_pools, general_overflow_altar,
          lemuel_mausoleum_altar_kikubaaqudgha, uniq_maggie, uniq_menkaure,
          uniq_harold

Skill      XL: |  1  2  3  4  5  6  7  8 |
---------------+-------------------------+-----
Long Blades    | 3 4 5 7 9 11 14 | 14.1
Fighting       | |  3.6
Armour         | |  3.6
Shields        | |  3.6

Action                   |  1- 3 |  4- 6 |  7- 9 || total
-------------------------+-------+-------+-------++-------
Melee: Long sword        |    69 |    98 |   295 ||   462
       Headbutt          |     9 |     9 |    44 ||    62
Throw: Boomerang         |       |       |     8 ||     8
  Use: Scroll            |       |       |     2 ||     2
Armor: Scale mail        |    26 |    31 |   122 ||   179
Dodge: Dodged            |    38 |    48 |   126 ||   212
Block: Buckler           |    20 |    23 |    57 ||   100
